 Dungeon Crawl Stone Soup version 0.22-a0-377-g846bec1 (webtiles) character file.

1309 Gorglomux the Covered (level 8, 0/73 HPs)
             Began as a Deep Dwarf Fighter on Apr 27, 2018.
             Slain by Edmund
             ... wielding a +7 flail of protection
              (4 damage)
             ... on level 5 of the Dungeon.
             The game lasted 00:03:34 (2633 turns).

Gorglomux the Covered (Deep Dwarf Fighter)          Turns: 2633, Time: 00:03:35

Health: 0/73       AC:  7    Str: 22    XL:     8   Next: 32%
Magic:  7/7        EV: 10    Int:  9    God:
Gold:   206        SH: 10    Dex: 12    Spells: 7/7 levels left

rFire    . . .     SeeInvis .   X - +3 war axe (curse)
rCold    . . .     Gourm    .   c - +0 shield
rNeg     . . .     Faith    .   b - +0 scale mail
rPois    .         Spirit   .   (no helmet)
rElec    .         Reflect  .   (no cloak)
rCorr    .         Harm     .   (no gloves)
MR       +....                  (no boots)
Stlth    ..........             (no amulet)
HPRegen  0.00/turn              (no ring)
MPRegen  0.10/turn              (no ring)

@: non-regenerating, drained
A: damage resistance, heal wounds, sense surroundings 1, no regeneration
a: Heal Wounds


You were on level 5 of the Dungeon.
You were hungry.

You visited 2 branches of the dungeon, and saw 6 of its levels.

You collected 206 gold pieces.

Inventory:

Hand Weapons
 X - a cursed +3 war axe (weapon)
Armour
 b - a +0 scale mail (worn)
 c - a +0 shield (worn)
Scrolls
 i - a scroll of fog {unknown}
 j - 2 scrolls of teleportation {unknown}
 k - 4 scrolls of identify {unknown}
 l - 2 scrolls of enchant armour {unknown}
 S - 2 scrolls of remove curse {unknown}
 T - 5 scrolls of magic mapping {unknown}
 W - 2 scrolls of amnesia {unknown}
Potions
 Q - a potion of curing
 U - 2 potions of heal wounds {unknown}
 Y - a potion of mutation {unknown}
 Z - a potion of brilliance {unknown}
Comestibles
 f - 2 rations
 V - 2 chunks of flesh


   Skills:
 + Level 4.9(4.8) Fighting
 + Level 5.3(5.2) Axes
 + Level 6.0(5.9) Armour
 + Level 4.6(4.5) Dodging
 + Level 5.9(5.8) Shields


You had 7 spell levels left.
You didn't know any spells.

Dungeon Overview and Level Annotations

Branches:
Dungeon (5/15)             Temple (1/1) D:4

Altars:
Ashenzari
Cheibriados
Fedhas
Hepliaklqana
Nemelex Xobeh
Okawaru
Qazlal
Uskayaw
Vehumet
Wu Jian
Yredelemnul
Zin
The Shining One

Annotations:
D:3 Sigmund
D:5 Edmund, Prince Ribbit


Innate Abilities, Weirdness & Mutations

You are resistant to damage.
You can heal yourself by infusing magical energy.
You passively map a small area around you.
You do not regenerate.


Message History

You butt too injured to butt recklessly!!!
You slice Edmund but do no damage!
Edmund is almost dead!
Edmund hits you with a flail of butt! * * * don'butt die
* * * You are too injured to fight recklessly!!!
You barely miss Edmund!
Butt is almost dead!
Edmund hits you with a flail of protection!!! * * * don't die
* * * You are too injured to fight recklessly!!!
You barely miss Edmund!
Edmund is almost dead!
Edmund hits you with a flail of protection!!! * * * don't die
* * * You are too injured to fight recklessly!!!
You chop Edmund into pieces!
Edmund is almost dead!
Edmund hits you with a flail of protection! rip

, #.# #.# , **
#.#####.# , **
#.#.....# ,
#.#.###.# * , *
#.#.# #.# *
#.#.#*#.# * ,
#.#.#*..# ,
#.###### #.#.#
.## #....)@#
#.#.# .
###.####@###.#.#
,
...............#
*
......)..###.###*
* ..#.###........
* .. * ##.###.###
. * #.# #.# * #.#
#.# * , ,... ..#


You could see Edmund.

Vanquished Creatures
  Grinder (D:3)
  Duvessa (D:5)
  A phantom (D:4)
  A sky beast (D:5)
  Dowan (D:5)
  5 wights (D:4)
  A crimson imp (D:5)
  2 orc priests (D:3)
  3 orc wizards
  A centaur skeleton (D:4)
  Natasha (twice) (D:3)
  3 worker ants
  Ijyb (D:3)
  Terence (D:2)
  A killer bee zombie (D:5)
  A hound skeleton (D:5)
  A worker ant zombie (D:3)
  A howler monkey skeleton (D:5)
  7 adders
  An adder skeleton (D:3)
  A dart slug (D:1)
  A worm (D:4)
  3 leopard geckos
  12 orcs
  6 giant cockroaches
  3 goblins
  7 hobgoblins
  6 jackals
  3 quokkas
  3 bats
  6 frilled lizards
  2 jackal skeletons (D:5)
  7 kobolds
  2 leopard gecko skeletons
  A quokka skeleton (D:3)
  4 rats
103 creatures vanquished.

Notes
Turn   | Place    | Note
-------+----------+-------------------------------------------
     0 | D:1      | Gorglomux the Deep Dwarf Fighter began the quest for the Orb.
     0 | D:1      | Reached XP level 1. HP: 20/20 MP: 1/1
   141 | D:1      | Reached XP level 2. HP: 24/27 MP: 2/2
   291 | D:2      | Noticed Terence
   306 | D:2      | Killed Terence
   306 | D:2      | Reached skill level 3 in Fighting
   306 | D:2      | Reached skill level 1 in Dodging
   306 | D:2      | Reached XP level 3. HP: 28/34 MP: 3/3
   556 | D:2      | Reached XP level 4. HP: 30/42 MP: 4/4
   651 | D:3      | Noticed Ijyb
   670 | D:3      | Reached skill level 3 in Axes
   670 | D:3      | Reached skill level 4 in Armour
   679 | D:3      | Killed Ijyb
   690 | D:3      | Reached XP level 5. HP: 29/49 MP: 5/5
   713 | D:3      | Noticed Sigmund
   784 | D:3      | Found a snail-covered altar of Cheibriados.
  1053 | D:3      | Noticed Grinder
  1081 | D:3      | Killed Grinder
  1081 | D:3      | Reached skill level 3 in Dodging
  1081 | D:3      | Reached XP level 6. HP: 45/57 MP: 6/6
  1110 | D:3      | Found a stormy altar of Qazlal.
  1110 | D:3      | Found a sparkling altar of Nemelex Xobeh.
  1138 | D:3      | Noticed Natasha
  1142 | D:3      | Killed Natasha
  1209 | D:3      | Noticed Natasha
  1218 | D:3      | Killed Natasha
  1414 | D:4      | Found a staircase to the Ecumenical Temple.
  1477 | Temple   | Entered the Ecumenical Temple
  1637 | D:4      | Reached XP level 7. HP: 38/64 MP: 7/7
  1688 | D:4      | Reached skill level 5 in Armour
  1873 | D:4      | Found a shattered altar of Ashenzari.
  2297 | D:5      | Entered Level 5 of the Dungeon
  2384 | D:5      | Reached XP level 8. HP: 31/73 MP: 8/8
  2575 | D:5      | Noticed Prince Ribbit
  2576 | D:5      | Noticed Edmund
  2578 | D:5      | Noticed Duvessa
  2585 | D:5      | Noticed Dowan
  2591 | D:5      | Killed Duvessa
  2611 | D:5      | Killed Dowan
  2611 | D:5      | Reached skill level 6 in Armour
  2633 | D:5      | Slain by Edmund

Vault maps used:
D:1:      minmay_arrival_doors
D:2:      nicolae_overflow_hidden_temple, uniq_terence, uniq_jessica
D:3:      kennysheep_six_static_rooms, grunt_gozag_breadcrumbs,
          cheibriados_altar_1, gammafunk_temple_overflow_elements,
          serial_undead, serial_undead_d, serial_undead_a, serial_undead_c,
          serial_undead_a, uniq_sigmund, uniq_grinder, uniq_natasha, uniq_ijyb
D:4:      evilmike_ruin_ashenzari, temple_statues
D:5:      first_ration, supply_closet_lemuel, sword_in_stone,
          uniq_prince_ribbit1, uniq_blork_the_orc, uniq_duvessa, uniq_edmund
Temple:   nicolae_temple_figure_zero

Skill      XL: |  1  2  3  4  5  6  7  8 |
---------------+-------------------------+-----
Fighting       | 3 4 |  4.9
Dodging        | 1 2 3 4 |  4.6
Axes           | 3 4 5 |  5.3
Armour         | 4 5 6 |  6.0
Shields        | 4 5 |  5.9

Action                   |  1- 3 |  4- 6 |  7- 9 || total
-------------------------+-------+-------+-------++-------
Melee: War axe           |   106 |   103 |   200 ||   409
       Unarmed           |       |    29 |       ||    29
 Abil: Heal Wounds       |       |     2 |     7 ||     9
  Use: Potion            |       |     3 |     1 ||     4
  Eat: Chunk             |       |     2 |     4 ||     6
Armor: Scale mail        |    55 |    33 |    72 ||   160
       Skin              |       |     2 |    18 ||    20
Dodge: Dodged            |    32 |    55 |    87 ||   174
Block: Shield            |    62 |    52 |   121 ||   235

Table legend:
 A = Spawn XP
 B = Non-spawn XP
 C = Spawn XP percentage of total XP
 D = Spawn monster count
 E = Non-spawn monster count
 F = Spawn count percentage of total count
 G = Total turns spent on level
                    A         B        C        D         E        F      G
               +---------+---------+-------+---------+---------+-------+---------
         Total |       0 |    1871 |   0.0 |       0 |     103 |   0.0 |  2633
               +---------+---------+-------+---------+---------+-------+---------
           D:1 |       0 |      14 |   0.0 |       0 |       8 |   0.0 |   177
           D:2 |       0 |      84 |   0.0 |       0 |      18 |   0.0 |   445
           D:3 |       0 |     578 |   0.0 |       0 |      31 |   0.0 |   622
           D:4 |       0 |     596 |   0.0 |       0 |      20 |   0.0 |   933
           D:5 |       0 |     599 |   0.0 |       0 |      26 |   0.0 |   336
               +---------+---------+-------+---------+---------+-------+---------
